 Dungeon Crawl Stone Soup version 0.29-a0-1047-g7c58e119a4 (webtiles) character file.

Game seed: 15999267895183538701

2340 Sobieck the Grappler (level 9, -6/83 HPs)
             Began as a Troll Fighter on Aug 16, 2022.
             Was a Believer of Cheibriados.
             Mangled by a two-headed ogre
             ... wielding a +0 giant spiked club
              (25 damage)
             ... on level 8 of the Dungeon.
             The game lasted 00:13:05 (5231 turns).

Sobieck the Grappler (Troll Fighter)                Turns: 5231, Time: 00:13:05

Health: -6/83      AC:  8    Str: 33    XL:     9   Next: 19%
Magic:  10/10      EV:  9    Int: 11    God:    Cheibriados [**....]
Gold:   414        SH: 10    Dex: 20    Spells: 8/8 levels left

rFire   . . .      SeeInvis .     - Unarmed
rCold   . . .      Faith    .   b - +0 kite shield
rNeg    . . .      Spirit   .   a - +0 robe
rPois   .          Reflect  .   (helmet restricted)
rElec   .          Harm     .   (no cloak)
rCorr   .          Rampage  .   (gloves unavailable)
Will    .....                   (boots unavailable)
Stlth   ++........              (no amulet)
HPRegen 1.03/turn               k - +4 ring of protection
MPRegen 0.12/turn               D - +6 ring of dexterity

@: mighty, slowed, very slow
A: large, unfitting armour, claws 3, regeneration 1, shaggy fur 1, tough skin 1
a: Renounce Religion, Bend Time


You were on level 8 of the Dungeon.
You worshipped Cheibriados.
Cheibriados was pleased with you.
You visited 1 branch of the dungeon, and saw 8 of its levels.

You collected 414 gold pieces.


Innate Abilities, Weirdness & Mutations

You are too large for most types of armour.
You have claws for hands.
Your natural rate of healing is unusually fast.
You are covered in fur. (AC +1)
You have tough skin. (AC +1)


   Skills:
 + Level 3.6 Fighting
 - Level 2.4 Dodging
 + Level 5.8 Shields
 * Level 10.1 Unarmed Combat
 + Level 3.0 Invocations


You had 8 spell levels left.
You didn't know any spells.
Your spell library contained the following spells:

 Spells                   Type           Power      Damage    Failure   Level
 Sting                    Tmut/Pois      0%         1d3       58%         1
 Poisonous Vapours        Pois/Air       0%         N/A       75%         2
 Sublimation of Blood     Necr           0%         N/A       75%         2
 Wereblood                Tmut           0%         N/A       75%         2
 Olgreb's Toxic Radiance  Pois           0%         N/A       100%        4
 Summon Hydra             Summ           0%         N/A       100%        7

Inventory:

Hand Weapons
 d - a +0 club {mace}
   (You took it off a gnoll on level 1 of the Dungeon)
 f - a +0 club {mace}
   (You took it off a goblin on level 1 of the Dungeon)
 h - a +0 dagger {short}
   (You found it on level 1 of the Dungeon)
 j - a +0 dagger {short}
   (You took it off a goblin on level 1 of the Dungeon)
 l - a +1 dagger {short}
   (You took it off a goblin on level 1 of the Dungeon)
 m - a +0 short sword {short}
   (You took it off a kobold on level 1 of the Dungeon)
 o - a +0 dagger {short}
   (You found it on level 1 of the Dungeon)
Missiles
 i - 65 stones (quivered) {throwing}
 p - 9 boomerangs {throwing}
 E - 5 large rocks {=fthrowing}
 M - a curare-tipped dart {=fthrowing}
 O - 2 poisoned darts {throwing}
 U - 6 javelins {throwing}
Armour
 a - a +0 robe (worn)
 b - a +0 kite shield (worn)
 t - a +0 robe
   (You found it on level 2 of the Dungeon)
 C - a +0 robe
   (You found it on level 6 of the Dungeon)
 J - a +0 robe
   (You took it off an orc wizard on level 5 of the Dungeon)
 K - a +0 robe
   (You took it off an orc wizard on level 5 of the Dungeon)
 L - a +0 robe
   (You took it off an orc wizard on level 5 of the Dungeon)
 Y - a +0 robe
   (You took it off an orc wizard on level 7 of the Dungeon)
Magical Staves
 B - a staff of earth {!astaff}
   (You found it on level 3 of the Dungeon)
Jewellery
 k - a +4 ring of protection (left claw)
   (You found it on level 1 of the Dungeon)
 A - a ring of fire
   (You found it on level 3 of the Dungeon)
 D - a +6 ring of dexterity (right claw)
   (You found it on level 4 of the Dungeon)
 F - a ring of resist corrosion
   (You found it on level 4 of the Dungeon)
 R - a ring of willpower
   (You found it on level 6 of the Dungeon)
Wands
 u - a wand of polymorph (4)
   (You found it on level 6 of the Dungeon)
 y - a wand of digging (10)
   (You found it on level 3 of the Dungeon)
Scrolls
 g - 6 scrolls of teleportation {@r4}
 n - a scroll of magic mapping {!r}
 r - 2 scrolls of identify {@r1}
 I - a scroll of noise {unknown}
 N - a scroll of enchant armour {unknown}
 P - a scroll of poison {unknown}
 Q - a scroll of fear {unknown}
 S - a scroll of torment {unknown}
 V - 2 scrolls of enchant weapon
 X - a scroll of vulnerability {!r!r}
 Z - a scroll of blinking {!r}
Potions
 c - 2 potions of might
 e - a potion of resistance {unknown}
 q - 4 potions of degeneration {!q@e2}
 s - a potion of cancellation
 v - 3 potions of curing {@q1}
 w - 3 potions of haste {forbidden@q3}
 x - a potion of mutation {unknown}
 z - a potion of flight
 G - a potion of lignification {unknown}
 H - a potion of magic {unknown}
 T - a potion of invisibility {unknown}
 W - a potion of heal wounds {unknown}

Dungeon Overview and Level Annotations

Branches:
Dungeon (8/15) Zot: 40219  Temple (0/1) D:6
   Lair: D:8-11

Altars:
Cheibriados
Elyvilon
Nemelex Xobeh
Ru
Trog
Uskayaw
Xom
Yredelemnul

Shops:
D:7 [

Annotations:
D:1 2 transporters
D:3 2 transporters, Monkooky's ghost, weakling BaDe

#.#.##.# #.# #.#
#.#.##.## #.# #.#
#.#.....# ##.## #.#
#.....<.#######...##
#######.#..........#
.#.####....## .#
##.#.#####
##.#.###.........
.....cO@..#.#####
####.####.#.# #.#<#
..#.# .## . ..


You could see a two-headed ogre and a centaur.


Message History

There is an open door here.
You open the door.
There is an open door here.
Your pack is full.
You see here a +0 robe.
Unknown command.
Your pack is full.
You see here a +0 robe.
Could not pick up a +0 robe here; ([A]lways) ignore it?
Autopickup disabled for robes.
There is an open door here.
You open the door. You open the door.
There is an open door here.
Found a stone staircase leading up.
Unknown command.
A hornet comes into view.
Danger!
The hornet buzzes angrily.
The hornet stings you.
You feel yourself slow down.
You hear a shout!
You scratch the hornet.
You feel yourself speed up.
A centaur comes into view.
The hornet stings you.
You feel yourself slow down.
You barely miss the hornet. The hornet barely misses you.
The hornet stings you but does no damage.
You block the hornet's attack.
You scratch the hornet but do no damage.
You feel yourself speed up. The hornet barely misses you.
You block the hornet's attack.
You closely miss the hornet. The hornet barely misses you.
You scratch the hornet. The hornet stings you!
You are poisoned.
You feel yourself slow down. You block the hornet's attack.
You mangle the hornet!!
You feel very sick. The hornet stings you.
You are more poisoned.
You feel as though you will be slow longer.
You scratch the hornet but do no damage.
You feel very sick.
The hornet stings you but does no damage.
You block the hornet's attack. The hornet stings you!
You feel as though you will be slow longer.
You are too injured to fight recklessly!
Unknown command.
You are too injured to fight recklessly!
You closely miss the hornet.
You feel very sick. You block the hornet's attack. The hornet misses you.
You miss the hornet.
You feel very sick. The hornet stings you!
You feel as though you will be slow longer.
The hornet stings you.
* * * LOW HITPOINT WARNING * * *
You are more poisoned.
You feel as though you will be slow longer.
You closely miss the hornet.
You feel very sick. The hornet stings you!
* * * LOW HITPOINT WARNING * * *
You are more poisoned.
You feel as though you will be slow longer.
The hornet barely misses you.
You mangle the hornet!!
You kill the hornet!
Cheibriados appreciates the change of pace.
You feel extremely sick.
A two-headed ogre comes into view.
It is wielding two +0 giant spiked clubs.
The centaur closely misses you. You block the centaur's attack.
Your Unarmed Combat skill increases to level 10!
Your Invocations skill increases to level 3!
Unknown command.
You feel better.
The two-headed ogre shouts in stereo!
You block the centaur's attack. x2; The centaur hits you.
* * * LOW HITPOINT WARNING * * *
You block the centaur's attack.
You feel very mighty all of a sudden.
The centaur hits you but does no damage.
You block the centaur's attack. The centaur barely misses you.
The centaur kicks you.
* * * LOW HITPOINT WARNING * * *
Unknown command.
You scratch the centaur. The centaur hits you.
* * * LOW HITPOINT WARNING * * *
You block the centaur's attack.
You claw the two-headed ogre!
The two-headed ogre hits you with a +0 giant spiked club!
* * * LOW HITPOINT WARNING * * *
The two-headed ogre barely misses you.
Unknown command.
You scratch the two-headed ogre but do no damage.
The two-headed ogre hits you with a +0 giant spiked club!!
You die...

Skill      XL: |  1  2  3  4  5  6  7  8  9 |
---------------+----------------------------+-----
Shields        | 3 4 5 |  5.8
Unarmed Combat | 3 4 5 6 7 8 9 10 | 10.1
Invocations    | 1 2 3 |  3.0
Fighting       | 3 |  3.6
Dodging        | |  2.4

Action                   |  1- 3 |  4- 6 |  7- 9 || total
-------------------------+-------+-------+-------++-------
Melee: Unarmed           |    81 |   168 |   130 ||   379
  Use: Scroll            |       |     8 |     4 ||    12
       Potion            |       |       |     2 ||     2
 Stab: Sleeping          |     1 |     3 |     2 ||     6
Armor: Robe              |    30 |    60 |    50 ||   140
Dodge: Dodged            |    25 |    46 |    54 ||   125
Block: Kite shield       |    26 |    59 |    50 ||   135

Levels and vault maps discovered:
D:1:      spicycebolla_arrival_transporter_tutorial, layout_rooms,
          amcnicky_mini_pool_small, ebering_dispersal_statue_hall,
          kennysheep_boxes
D:2:      layout_basic, lightli_corner_chamber
D:3:      layout_basic, gammafunk_ghost_stat_death,
          hellmonk_ecumenical_altar_run_dry, minmay_snake_closets
D:4:      layout_loops_ring, mainiacjoe_overflow_alcove_2, tgw_trog,
          chequers_temple_overflow_minitemple, nicolae_qazlal_style_of_elements,
          uniq_edmund
D:5:      layout_basic, uniq_menkaure
D:6:      layout_loops_ring, minmay_temple_entry_hall
D:7:      layout_gridville, elyvilon_altar_1, serial_shops, shop,
          grunt_decor_clamped
D:8:      layout_loops_corners, led_sif_book, serial_shops,
          nicolae_inconvenience_store, minmay_fountain_box, uniq_prince_ribbit1,
          uniq_joseph

Notes
Turn   | Place    | Note
-------+----------+-------------------------------------------
     0 | D:1      | Sobieck the Troll Fighter began the quest for the Orb.
     0 | D:1      | Reached XP level 1. HP: 22/22 MP: 0/0
    14 | D:1      | Reached skill level 3 in Shields
    14 | D:1      | Reached XP level 2. HP: 27/29 MP: 1/1
   186 | D:1      | Reached skill level 3 in Unarmed Combat
   607 | D:2      | Reached XP level 3. HP: 36/36 MP: 2/2
   740 | D:2      | You add the spells Sting, Poisonous Vapours and Olgreb's
                  | Toxic Radiance to your library.
  1175 | D:2      | Reached skill level 4 in Unarmed Combat
  1183 | D:2      | Reached XP level 4. HP: 44/44 MP: 3/3
  1471 | D:3      | Found a transporter.
  1478 | D:3      | Noticed Monkooky's ghost (weakling BaDe)
  1482 | D:3      | You pick up a book of Blood and begin reading...
  1482 | D:3      | You add the spells Sublimation of Blood, Wereblood and
                  | Summon Hydra to your library.
  1704 | D:3      | Found a transporter.
  2042 | D:3      | Reached skill level 5 in Unarmed Combat
  2064 | D:3      | Reached XP level 5. HP: 50/50 MP: 4/4
  2348 | D:3      | Found a faded altar of an unknown god.
  2529 | D:4      | Found a snail-covered altar of Cheibriados.
  2542 | D:4      | Became a worshipper of Cheibriados the Contemplative
  2597 | D:4      | Reached skill level 6 in Unarmed Combat
  2720 | D:4      | Found a sacrificial altar of Ru.
  2720 | D:4      | Found a hide-covered altar of Uskayaw.
  2728 | D:4      | Found a sparkling altar of Nemelex Xobeh.
  2730 | D:4      | Found a basalt altar of Yredelemnul.
  2732 | D:4      | Found a shimmering altar of Xom.
  2774 | D:4      | Reached XP level 6. HP: 41/59 MP: 5/5
  2863 | D:4      | Noticed a moth of wrath
  2866 | D:4      | Found a bloodstained altar of Trog.
  2885 | D:4      | HP: 14/59 [worm (11)]
  3067 | D:4      | You fall into a shaft and drop 2 floors!
  3067 | D:6      | Found a staircase to the Ecumenical Temple.
  3146 | D:6      | Reached * piety under Cheibriados
  3150 | D:5      | Entered Level 5 of the Dungeon
  3152 | D:5      | Reached skill level 7 in Unarmed Combat
  3191 | D:5      | Reached XP level 7. HP: 43/66 MP: 6/6
  3267 | D:5      | Noticed Menkaure
  3273 | D:5      | Killed Menkaure
  3305 | D:5      | Reached skill level 8 in Unarmed Combat
  3305 | D:5      | Reached skill level 1 in Invocations
  3759 | D:5      | Reached skill level 4 in Shields
  3759 | D:5      | Reached XP level 8. HP: 74/74 MP: 7/7
  3765 | D:5      | Reached skill level 9 in Unarmed Combat
  3943 | D:6      | Reached ** piety under Cheibriados
  3956 | D:6      | Reached skill level 5 in Shields
  4536 | D:7      | Found a white marble altar of Elyvilon.
  4601 | D:7      | Reached skill level 2 in Invocations
  4659 | D:7      | Reached skill level 3 in Fighting
  4785 | D:7      | Found Qeun's Armour Boutique.
  5081 | D:8      | Noticed Joseph
  5094 | D:8      | Killed Joseph
  5095 | D:8      | Reached XP level 9. HP: 44/83 MP: 8/10
  5226 | D:8      | Noticed a two-headed ogre
  5227 | D:8      | Reached skill level 10 in Unarmed Combat
  5227 | D:8      | Reached skill level 3 in Invocations
  5230 | D:8      | HP: 17/83 [two-headed ogre/+0 giant spiked club (13)]
  5231 | D:8      | Mangled by a two-headed ogre

Vanquished Creatures
  Joseph (D:8)
  A hornet (D:8)
  Menkaure (D:5)
  2 water moccasins
  An orc warrior (D:7)
  An ice beast (D:5)
  2 black bears
  2 ogres
  A kobold brigand (D:6)
  A bullfrog (D:5)
  A necrophage (D:7)
  A jelly (D:5)
  6 hounds
  3 orc priests
  3 iguanas
  4 orc wizards
  5 gnolls
  17 adders
  A white imp (D:7)
  An ufetubus (D:6)
  3 worms
  2 dart slugs
  12 orcs
  3 endoplasms
  A giant cockroach (D:3)
  10 goblins
  6 hobgoblins
  4 jackals (D:3)
  4 quokkas
  12 ball pythons
  4 bats
  4 frilled lizards
  10 kobolds
  5 rats
135 creatures vanquished.

Table legend:
 A = Non-vault XP
 B = Vault XP
 C = Vault XP percentage of total XP
 D = Non-vault monster count
 E = Vault monster count
 F = Vault count percentage of total count
                 A         B        C        D         E       F
            +---------+---------+-------+---------+---------+-------
      Total |    2604 |     739 |  22.1 |     117 |      18 |  13.3
            +---------+---------+-------+---------+---------+-------
        D:1 |      37 |       0 |   0.0 |      14 |       0 |   0.0
        D:2 |      76 |       0 |   0.0 |      22 |       0 |   0.0
        D:3 |      69 |      98 |  58.7 |      20 |      11 |  35.5
        D:4 |     117 |      14 |  10.7 |      14 |       5 |  26.3
        D:5 |     884 |     172 |  16.3 |      20 |       1 |   4.8
        D:6 |     434 |       0 |   0.0 |      17 |       0 |   0.0
        D:7 |     571 |       0 |   0.0 |       8 |       0 |   0.0
        D:8 |     416 |     455 |  52.2 |       2 |       1 |  33.3
            +---------+---------+-------+---------+---------+-------

Illustrated notes

Table legend:
 A = Kills in this place as a percentage of kills in entire the game.
 B = Kills by you in this place as a percentage of kills by you in the entire game.
 C = Kills by friends in this place as a percentage of kills by friends in the entire game.
 D = Other kills in this place as a percentage of other kills in the entire game.
 E = Experience gained in this place as a percentage of experience gained in the entire game.
 F = Experience gained in this place divided by the number of levels of this place that you have seen.
                   A       B       C       D       E      F
               +-------+-------+-------+-------+-------+----------------------
         Total | 100.0 | 100.0 |   N/A |   N/A | 100.0 | 417.9
       Dungeon | 100.0 | 100.0 |   N/A |   N/A | 100.0 | 417.9
               +-------+-------+-------+-------+-------+----------------------

Table legend: (Time is in decaauts)
 A = Elapsed time spent in this place.
 B = Non-inter-level travel time spent in this place.
 C = Inter-level travel time spent in this place.
 D = Time resting spent in this place.
 E = Time spent auto-exploring this place.
 F = Levels seen in this place.
 G = Mean time per level.
                   A        B        C        D        E       F      G
               +--------+--------+--------+--------+--------+-----+--------+
         Total |   6203 |   6087 |    116 |     44 |   5086 |   8 |  775.4 |
       Dungeon |   6203 |   6087 |    116 |     44 |   5086 |   8 |  775.4 |
               +--------+--------+--------+--------+--------+-----+--------+

Top non-repeatable levels by time:
     D:7: 1057 daAuts
     D:3: 1017 daAuts
     D:2: 838 daAuts
     D:6: 838 daAuts
     D:5: 791 daAuts
     D:4: 762 daAuts
     D:1: 620 daAuts
     D:8: 278 daAuts
